 Dungeon Crawl Stone Soup version 0.32-a0-350-g4f4d228785 (webtiles) character file.

Game seed: 8496977235723418223

410 jasper the Basher (level 6, 3/51 HPs)
             Began as a Mountain Dwarf Fighter on Feb 17, 2024.
             Was an Initiate of Ru.
             Quit the game on level 4 of the Dungeon.
             The game lasted 00:08:39 (4113 turns).

jasper the Basher (Mountain Dwarf Fighter)          Turns: 4113, Time: 00:08:40

Health: 3/51       AC:  6    Str: 20    XL:     6   Next: 58%
Magic:  6/6        EV:  9    Int:  9    God:    Ru [......]
Gold:   136        SH:  4    Dex:  9    Spells: 5/5 levels left

rFire   + + .        j - +0 whip
rCold   + . .        c - +0 buckler
rNeg    . . .        b - +0 scale mail
rPois   +            (no helmet)
rElec   +            (no cloak)
rCorr   +            (no gloves)
SInv    .            (no boots)
Will    .....        f - amulet of the acrobat Stlth
                     (no ring)
HPRegen 0.28/turn    (no ring)
MPRegen 0.10/turn

%: acrobat
@: lethally poisoned (3 -> -12), resistant
A: runic magic, artefact enchanting, fire resistance 1
a: Renounce Religion, Sacrifice Resistance, Sacrifice Experience, Sacrifice
Words, Reject Sacrifices


You were on level 4 of the Dungeon.
You worshipped Ru.
Ru was noncommittal.
You visited 1 branch of the dungeon, and saw 5 of its levels.

You collected 172 gold pieces.
You spent 36 gold pieces at shops.

Inventory:

Hand Weapons
 a - a +0 flail
 j - a +0 whip (weapon)
 k - a +0 heavy morningstar
Armour
 b - a +0 scale mail (worn)
 c - a +0 buckler (worn)
Jewellery
 f - an amulet of the acrobat (around neck)
 l - an amulet of magic regeneration
 r - a ring of protection from fire
Scrolls
 h - 2 scrolls of identify
Potions
 g - a potion of brilliance
 i - a potion of attraction


   Skills:
 - Level 3.2 Fighting
 + Level 8.6 Maces & Flails
 - Level 3.2 Armour
 - Level 3.2 Shields


You had 5 spell levels left.
You didn't know any spells.
Your spell library contained the following spells:

 Spells                   Type           Power      Damage    Failure   Level
 Kiss of Death            Conj/Necr      0%         2d5       54%         1
 Confusing Touch          Hex            0%         N/A       89%         3
 Dispel Undead            Necr           0%         3d6       100%        4


Dungeon Overview and Level Annotations

Branches:
Dungeon (5/15)
 Temple: D:4-7

Altars:
Ru
The Shining One

Shops:
D:2 *

Annotations:
D:2 Terence
D:4 Edmund, Natasha


Innate Abilities, Weirdness & Mutations

Your spellcasting is much less encumbered by armour.
You can use scrolls of enchantment on lesser artefacts.
Your flesh is heat resistant. (rF+)


Message History

You take 3 damage, and have 7/51 hp.
Okay, then.
Okay, then.
You block the orc priest's attack.
Natasha mumbles some strange words.
Natasha wildly gestures.
Natasha's front paws start to glow.
Natasha mumbles some strange words.
The cerulean imp completely misses you.
Throw: dart (curare)
Press: ? - help, Q - select action Shift-Dir - straight line, f - orc priest
Aim: an orc priest, wielding a +0 whip (50% to hit)
You throw a curare-tipped dart.
The curare-tipped dart hits the orc priest.
The orc priest is poisoned.
The orc priest struggles to breathe.
The orc priest seems to slow down.
The orc priest is severely wounded.
The orc priest barely misses you. The cerulean imp barely misses you.
You kill the orc priest!
Natasha mumbles some strange words.
The cerulean imp attacks as it pursues you!
The cerulean imp hits you from afar with a +0 spear.
* * * LOW HITPOINT WARNING * * *
You take 1 damage, and have 8/51 hp.
The cerulean imp hits you from afar with a +0 spear.
* * * LOW HITPOINT WARNING * * *
You take 1 damage, and have 7/51 hp.
Edmund shouts!
You feel protected. The cerulean imp closely misses you.
Okay, then.
You barely miss Edmund. Edmund closely misses you.
The cerulean imp hits you but does no damage.
You barely miss Edmund.
Edmund hits you with a +2 flail of venom.
* * * LOW HITPOINT WARNING * * *
You are lethally poisoned!
You block the cerulean imp's attack.
You take 5 damage, and have 3/51 hp.
Are you sure you want to abandon this character and quit the game? (Confirm with "yes".)

#...≈ # #≈§≈≈...
#...##. ###≈§≈..#
#.#...####≈≈≈≈....
#.....5§≈≈≈≈...####
#.>5h5§5h..#...
########5#.#.#
#5#...# #.#@###.#
#@#†....# #@#<#####
..### .#.. #.### #


You could see Edmund, Natasha and 3 cerulean imps.

Vanquished Creatures
  A phantom (D:5)
  A hound (D:3)
  An orc priest (D:4)
  An iguana (D:5)
  An orc wizard (D:5)
  6 gnolls (D:3)
  4 adders
  A white imp (D:5)
  2 orcs (D:5)
  6 ball pythons
  7 endoplasms
  2 giant cockroaches (D:1)
  4 goblins
  12 hobgoblins
  10 jackals
  2 bats
  4 frilled lizards
  7 kobolds
  2 rats
74 creatures vanquished.

Notes
Turn   | Place    | Note
-------+----------+-------------------------------------------
     0 | D:1      | jasper the Mountain Dwarf Fighter began the quest for the
                  | Orb.
     0 | D:1      | Reached XP level 1. HP: 19/19 MP: 1/1
   172 | D:1      | Reached skill level 3 in Maces & Flails
   191 | D:1      | Reached XP level 2. HP: 22/26 MP: 2/2
   495 | D:1      | Reached skill level 4 in Maces & Flails
   620 | D:1      | Reached XP level 3. HP: 28/31 MP: 3/3
  1594 | D:2      | Reached skill level 5 in Maces & Flails
  1722 | D:2      | Reached XP level 4. HP: 35/38 MP: 4/4
  2044 | D:2      | Found Xudoume's General Store.
  2054 | D:2      | Bought a scroll of teleportation for 36 gold pieces
  2098 | D:2      | Noticed Terence
  2131 | D:3      | Found a sacrificial altar of Ru.
  2172 | D:3      | Reached skill level 6 in Maces & Flails
  2228 | D:3      | Became a worshipper of Ru the Awakened
  2535 | D:3      | Reached XP level 5. HP: 26/45 MP: 5/5
  2959 | D:3      | Found a glowing golden altar of the Shining One.
  3039 | D:3      | Reached skill level 7 in Maces & Flails
  3142 | D:4      | Noticed Edmund
  3207 | D:2      | Gained mutation: You are frail. (-10% HP) [potion of
                  | mutation]
  3207 | D:2      | Lost mutation: You are frail. (-10% HP) [potion of
                  | mutation]
  3207 | D:2      | Gained mutation: Your flesh is heat resistant. (rF+)
                  | [potion of mutation]
  3560 | D:5      | Entered Level 5 of the Dungeon
  3769 | D:5      | Reached XP level 6. HP: 23/51 MP: 6/6
  3962 | D:5      | Reached skill level 8 in Maces & Flails
  4099 | D:4      | Noticed Natasha
  4113 | D:4      | Quit the game

Illustrated notes

Levels and vault maps discovered:
D:1:      dpeg_arrival_round_c, layout_basic, st_stairs_9
D:2:      layout_basic, serial_shops, nicolae_lakefront_shop, uniq_terence
D:3:      lemuel_castle_with_subvaults [lemuel_castle_interior_carwin_1],
          layout_basic, pf_just_have_faith, mainiacjoe_overflow_brackets,
          ebering_ecumenical_altar_mist
D:4:      layout_basic, general_overflow_altar, grunt_decor_junction,
          minmay_shop_damaged, fountainhead, uniq_blork_the_orc, uniq_edmund,
          uniq_natasha, uniq_duvessa
D:5:      layout_loops_ring, serial_shops, shop

Skill      XL: |  1  2  3  4  5  6 |
---------------+-------------------+-----
Maces & Flails | 3 4 5 6 7 8 |  8.6
Fighting       | |  3.2
Armour         | |  3.2
Shields        | |  3.2

Action                     |  1- 3 |  4- 6 || total
---------------------------+-------+-------++-------
  Melee: Flail             |    83 |       ||    83
         Whip              |    44 |   288 ||   332
  Throw: Stone             |     8 |    10 ||    18
         Dart              |       |     3 ||     3
    Use: Scroll            |     3 |     4 ||     7
         Potion            |       |     4 ||     4
 Armour: Scale mail        |    64 |   149 ||   213
  Dodge: Dodged            |    47 |    88 ||   135
  Block: Buckler           |    22 |    38 ||    60

Table legend: (Time is in decaauts)
 A = Elapsed time spent in this place.
 B = Non-inter-level travel time spent in this place.
 C = Inter-level travel time spent in this place.
 D = Time resting spent in this place.
 E = Time spent auto-exploring this place.
 F = Levels seen in this place.
 G = Mean time per level.
                   A        B        C        D        E       F      G
               +--------+--------+--------+--------+--------+-----+--------+
         Total |   4062 |   4012 |     50 |   1337 |   1416 |   5 |  812.4 |
       Dungeon |   4062 |   4012 |     50 |   1337 |   1416 |   5 |  812.4 |
               +--------+--------+--------+--------+--------+-----+--------+

Top non-repeatable levels by time:
     D:1: 1554 daAuts
     D:3: 1083 daAuts
     D:2: 672 daAuts
     D:5: 515 daAuts
     D:4: 236 daAuts
